 Dungeon Crawl Stone Soup version 0.19-a0-1861-g35def1e (webtiles) character file.

261 Psiweapon the Slasher (level 5, 0/63 HPs)
             Began as a Minotaur Gladiator on Oct 12, 2016.
             Succumbed to a scorpion's poison
             ... on level 4 of the Dungeon.
             The game lasted 00:03:58 (1554 turns).

Psiweapon the Slasher (Minotaur Gladiator)          Turns: 1554, Time: 00:03:58

Health: 0/63       AC: 22    Str: 20    XL:     5   Next: 96%
Magic:  4/4        EV:  2    Int:  5    God:
Gold:   82         SH:  0    Dex: 11    Spells: 0 memorised, 4 levels left

rFire  . . .     SeeInvis .     a - +0 long sword
rCold  . . .     Gourm    .     (armour currently unavailable)
rNeg   + + +     Faith    .     (no shield)
rPois  +         Spirit   .     (helmet currently unavailable)
rElec  .         Dismiss  .     (cloak currently unavailable)
rCorr  .         Reflect  .     (gloves currently unavailable)
MR     .....     Harm     .     (boots currently unavailable)
Stlth  +......... NoTele   +    (no amulet)
                                (no ring)
                                (no ring)

@: lethally poisoned (0 -> -11), exhausted, tree-form, slowed, very slow
A: (retaliatory headbutt), (horns 0)
a: no special abilities


You were on level 4 of the Dungeon.
You were not hungry.
You were a tree.
You visited 1 branch of the dungeon, and saw 4 of its levels.

You collected 82 gold pieces.

Inventory:

Hand Weapons
 a - a +0 long sword (weapon)
 b - a +1 dagger of freezing
 g - a +0 short sword
 v - a +3 quarterstaff of chaos
Missiles
 d - 3 throwing nets (quivered)
 s - 8 sling bullets
Armour
 c - a +0 hat (melded)
 e - a cursed +0 pair of gloves (melded)
 r - a +0 leather armour (melded)
 w - a +0 cloak (melded)
Scrolls
 h - 2 scrolls of noise {unknown}
 k - 2 scrolls of fog {unknown}
 p - a scroll of remove curse {unknown}
 q - a scroll of immolation {unknown}
 x - a scroll of enchant weapon {unknown}
Potions
 i - a potion of beneficial mutation {unknown}
 o - a potion of degeneration {unknown}
 t - a potion of haste {unknown}
Comestibles
 f - a bread ration
 l - 2 chunks of flesh
 n - a meat ration
 u - 2 fruits


   Skills:
 - Level 2.4 Fighting
 * Level 6.9 Long Blades
 - Level 2.0 Throwing
 + Level 5.0 Dodging


You had 4 spell levels left.
You didn't know any spells.

Dungeon Overview and Level Annotations

Branches:
Dungeon (4/15)
 Temple: D:4-7

Altars:


Innate Abilities, Weirdness & Mutations

((You reflexively headbutt those who attack you in melee.))
((You have a pair of horns on your head.))


Message History

You feel a strong urge to attack something.
* * * LOW HITPOINT WARNING * * *
You feel sick.
You see here 3 chunks of flesh.
* * * LOW HITPOINT WARNING * * *
You feel sick.
There is a stone staircase leading up, spattered with blood here.
You feel your anger subside.
You are no longer berserk.
You are exhausted.
You feel yourself slow down.
* * * LOW HITPOINT WARNING * * *
You feel sick.
* * * LOW HITPOINT WARNING * * *
You feel sick.
It was a potion of lignification.
You turn into a tree.
Your +0 cloak melds into your body.
Your +0 hat melds into your body.
Your cursed +0 pair of gloves melds into your body.
Your +0 leather armour melds into your body.
Your roots penetrate the ground.
You die...

#############
#.....>......
#...♣.....#
#.........#
#...<..)..#####.
#...%...........
#.........###...
#.....#.###
######.....#.#
#..........#.#
#.########..........


There were no monsters in sight!

Vanquished Creatures
  A bullfrog (D:4)
  A scorpion (D:4)
  A howler monkey (D:4)
  Crazy Yiuf (D:3)
  Ijyb (D:2)
  An ooze (D:1)
  A worm (D:4)
  A leopard gecko (D:4)
  An orc (D:4)
  A ball python (D:2)
  3 bats (D:1)
  5 giant cockroaches
  3 hobgoblins (D:1)
  2 jackals (D:1)
  5 kobolds
  6 frilled lizards
  7 goblins
  3 rats
44 creatures vanquished.

Notes
Turn   | Place    | Note
-------+----------+-------------------------------------------
     0 | D:1      | Psiweapon the Minotaur Gladiator began the quest for the Orb.
     0 | D:1      | Reached XP level 1. HP: 18/18 MP: 0/0
    58 | D:1      | Reached skill level 4 in Long Blades
   108 | D:1      | Reached XP level 2. HP: 25/25 MP: 1/1
   552 | D:1      | Reached XP level 3. HP: 30/30 MP: 2/2
   600 | D:2      | Noticed Ijyb
   613 | D:2      | Killed Ijyb
   613 | D:2      | Reached skill level 5 in Long Blades
  1222 | D:3      | Reached XP level 4. HP: 37/37 MP: 3/3
  1302 | D:3      | Found a runed door.
  1306 | D:3      | Noticed Crazy Yiuf
  1311 | D:3      | Killed Crazy Yiuf
  1357 | D:4      | Reached skill level 6 in Long Blades
  1357 | D:4      | Reached XP level 5. HP: 18/42 MP: 4/4
  1548 | D:4      | Reached skill level 5 in Dodging
  1553 | D:4      | HP: 1/42 [poisoned by a scorpion]
  1554 | D:4      | Succumbed to a scorpion's poison

Vault maps used:
D:1:      matt_arrival_spirals
D:2:      corexii_hall_statues_t, roderic_cross_of_infinity, uniq_iyjb
D:3:      kennysheep_six_static_rooms, first_bread, minivault_27, minivault_11,
          uniq_crazy_yiuf_cottage
D:4:      black_bear_nest_1, nicolae_overflow_hidden_temple,
          kennysheep_mini_moat, nicolae_overflow_crystal_walls, uniq_grinder

Skill      XL: |  1  2  3  4  5 |
---------------+----------------+-----
Long Blades    | 4 5 6 |  6.9
Dodging        | 4 5 |  5.0
Fighting       | |  2.4
Throwing       | |  2.0

Action                   |  1- 3 |  4- 6 || total
-------------------------+-------+-------++-------
Melee: Long sword        |    52 |    33 ||    85
       Headbutt          |     9 |     9 ||    18
  Use: Potion            |       |     2 ||     2
  Eat: Chunk             |     1 |     1 ||     2
Armor: Leather armour    |     9 |     2 ||    11
Dodge: Dodged            |    31 |    20 ||    51
       Rpst.: Long sword |     6 |     7 ||    13
